 Dungeon Crawl Stone Soup version 0.27-a0-1245-g940ed4fa31 (webtiles) character file.

Game seed: 7576271843026359494

273 Azzok the Chopper (level 6, 65/70 HPs)
             Began as a Demonspawn Berserker on June 9, 2021.
             Was a Believer of Trog.
             Quit the game on level 3 of the Dungeon.
             The game lasted 00:03:11 (3414 turns).

Azzok the Chopper (Demonspawn Berserker)            Turns: 3414, Time: 00:03:11

Health: 65/70      AC:  7    Str: 19    XL:     6   Next: 2%
Magic:  6/6        EV: 12    Int:  8    God:    Trog [**....]
Gold:   110        SH:  0    Dex: 13    Spells: 5/5 levels left

rFire    . . .     SeeInvis .   j - +0 war axe (elec)
rCold    . . .     Faith    .   (no shield)
rNeg     . . .     Spirit   .   f - +0 scale mail
rPois    .         Reflect  .   i - +0 helmet
rElec    .         Harm     .   (no cloak)
rCorr    .         Rampage  .   (no gloves)
Will     .....                  (no boots)
Stlth    ..........             (no amulet)
HPRegen  0.21/turn              (no ring)
MPRegen  0.10/turn              (no ring)

@: berserking, very quick
A: hooves 1, repulsion field 1, powered by pain 1, spiny 1
a: Renounce Religion, Berserk, Trog's Hand


You were on level 3 of the Dungeon.
You worshipped Trog.
Trog was pleased with you.
You visited 1 branch of the dungeon, and saw 3 of its levels.

You collected 110 gold pieces.

Inventory:

Hand Weapons
 j - a +0 war axe of electrocution (weapon)
Armour
 f - a +0 scale mail (worn)
 i - a +0 helmet (worn)
Wands
 a - a wand of paralysis (6)
Scrolls
 c - 3 scrolls of teleportation {unknown}
 d - 2 scrolls of noise {unknown}
 e - a scroll of identify {unknown}
Potions
 b - a potion of curing {unknown}
 g - a potion of magic {unknown}
 h - a potion of mutation {unknown}


   Skills:
 - Level 3.0 Fighting
 + Level 6.2 Axes
 - Level 1.7 Armour
 - Level 1.7 Dodging


You had 5 spell levels left.
You didn't know any spells.
Your spell library was empty.

Dungeon Overview and Level Annotations

Branches:
Dungeon (3/15)

Altars:


Innate Abilities, Weirdness & Mutations

You have large cloven feet.
You are surrounded by a mild repulsion field. (EV +2)
You sometimes gain a little power by taking damage.
You are partially covered in sharp spines.


Message History

Trog accepts your kill.
Found 27 sling bullets.
You see here 27 sling bullets.
Found 22 stones.
Found a stone staircase leading up.
Ijyb the Twisted Goblin comes into view.
She is wielding a +0 dagger of venom, wearing a +3 leather armour of cold resistance and carrying a wand of paralysis (7).
Ijyb is nearby!
Ijyb shouts!
An endoplasm comes into view.
Ijyb misses you.
A red film seems to cover your vision as you go berserk!
You feel yourself moving faster!
You feel mighty!
Ijyb hits you with a +0 dagger of venom.
You hit Ijyb but do no damage. Lightning courses through Ijyb!
You kick Ijyb, but do no damage.
Ijyb is heavily wounded.
Ijyb hits you with a +0 dagger of venom.
You completely miss Ijyb. You kick Ijyb.
Ijyb is heavily wounded.
Ijyb zaps a wand.
You resist with some effort.
You slash Ijyb! Lightning courses through Ijyb!!
You kill Ijyb!
Trog accepts your kill.
You have reached level 6!
Your experience leads to an increase in your attributes!
Increase (S)trength, (I)ntelligence, or (D)exterity?
You feel stronger.
Your demonic ancestry asserts itself...
Sharp spines emerge from parts of your body.
You completely miss the endoplasm. You kick the endoplasm.
The endoplasm is severely wounded.
The endoplasm is struck by your spines.
The endoplasm hits you but does no damage.
You slash the endoplasm!
You kill the endoplasm!
Trog accepts your kill.
a - a wand of paralysis (6)
Things that are here:
a +0 dagger of venom; a +3 leather armour of cold resistance; the goblin corpse of Ijyb You feel a strong urge to attack something.
Are you sure you want to abandon this character and quit the game? (Confirm with "yes".)

▒···· ▒····▒▒·▒· ··
▒····▒ ▒····▒▒·▒·
··▒▒····▒ ╬····▒▒†▒·
········▒ ▒·>··†····
········▒ ▒▒╬▒·▒·▒··
·······▒ ▒·▒·▒····
▒····▒▒▒▒▒▒▒▒·▒·▒····
▒····)···············
▒···@▒▒▒▒▒▒▒·········
▒▒··········▒·▒······
▒··········▒········
▒··········▒·▒▒▒·▒··
▒·<········▒········
▒▒▒╬▒▒▒▒▒▒····▒▒···▒
▒·▒·▒▒▒▒▒·▒
▒·▒·▒▒▒▒▒··
·▒▒▒▒▒▒·▒)·······


There were no monsters in sight!

Vanquished Creatures
  3 orc priests
  Ijyb (D:3)
  An orc wizard (D:3)
  Robin (D:2)
  4 adders
  A worm (D:2)
  A dart slug (D:1)
  5 orcs
  5 ball pythons
  8 bats
  5 endoplasms
  13 goblins
  11 hobgoblins
  3 quokkas
  3 frilled lizards
  5 kobolds
  7 rats
77 creatures vanquished.

Notes
Turn   | Place    | Note
-------+----------+-------------------------------------------
     0 | D:1      | Azzok the Demonspawn Berserker began the quest for the Orb.
     0 | D:1      | Reached XP level 1. HP: 18/18 MP: 1/1
    41 | D:1      | Reached skill level 3 in Axes
   601 | D:1      | Gained mutation: You sometimes gain a little power by
                  | taking damage. [demonic ancestry]
   601 | D:1      | Reached XP level 2. HP: 14/24 MP: 2/2
  1185 | D:1      | Found a faded altar of an unknown god.
  1540 | D:2      | Gained mutation: You are surrounded by a mild repulsion
                  | field. (EV +2) [demonic ancestry]
  1540 | D:2      | Reached XP level 3. HP: 29/29 MP: 3/3
  1600 | D:2      | Reached skill level 4 in Axes
  2272 | D:2      | Noticed Robin
  2276 | D:2      | Gained mutation: You have large cloven feet. [demonic
                  | ancestry]
  2276 | D:2      | Reached XP level 4. HP: 35/35 MP: 4/4
  2281 | D:2      | Killed Robin
  2281 | D:2      | Reached ** piety under Trog
  2704 | D:3      | Reached skill level 5 in Axes
  2917 | D:2      | Reached XP level 5. HP: 30/41 MP: 5/5
  3014 | D:3      | Reached skill level 6 in Axes
  3402 | D:3      | Noticed Ijyb
  3408 | D:3      | Killed Ijyb
  3409 | D:3      | Gained mutation: You are partially covered in sharp spines.
                  | [demonic ancestry]
  3409 | D:3      | Reached XP level 6. HP: 47/47 MP: 6/6
  3414 | D:3      | Quit the game

Illustrated notes

Levels and vault maps discovered:
D:1:      evilmike_arrival_hilbert_curve, layout_rooms,
          dilly_ecumenical_altar_fadedgnrine
D:2:      minmay_diamond_boxcup, layout_basic, uniq_robin
D:3:      cheibrodos_pilgrimage, layout_basic, amcnicky_altar_gilded, uniq_ijyb

Skill      XL: |  1  2  3  4  5 |
---------------+----------------+-----
Axes           | 3 4 5 6 |  6.2
Fighting       | |  3.0
Armour         | |  1.7
Dodging        | |  1.7

Action                   |  1- 3 |  4- 6 || total
-------------------------+-------+-------++-------
Melee: Hand axe          |   119 |    39 ||   158
       War axe           |       |    40 ||    40
       Kick              |       |    18 ||    18
Invok: Berserk           |     4 |     1 ||     5
Armor: Animal skin       |    13 |       ||    13
       Scale mail        |    21 |    49 ||    70
Dodge: Dodged            |    72 |    66 ||   138

Table legend: (Time is in decaauts)
 A = Elapsed time spent in this place.
 B = Non-inter-level travel time spent in this place.
 C = Inter-level travel time spent in this place.
 D = Time resting spent in this place.
 E = Time spent auto-exploring this place.
 F = Levels seen in this place.
 G = Mean time per level.
                   A        B        C        D        E       F      G
               +--------+--------+--------+--------+--------+-----+--------+
         Total |   3482 |   3438 |     44 |    750 |   2167 |   3 | 1160.7 |
       Dungeon |   3482 |   3438 |     44 |    750 |   2167 |   3 | 1160.7 |
               +--------+--------+--------+--------+--------+-----+--------+

Top non-repeatable levels by time:
     D:2: 1443 daAuts
     D:1: 1439 daAuts
     D:3: 599 daAuts
